Map: 匹昂台地

Players

shengy

  • Race: Zerg Zerg
  • League: Gold

Kenallpal - Winner!

  • Race: Terran Terran
  • League: Silver

VOD

Have the link to the VOD?

Description

Time

  • Played on: Nov. 25, 2015, 10:07 p.m.
  • Length: 14:51
Show
View Real Time Build Order
Export as new Build Order

shengy Zerg 

Build Orders: Pool First, Lurkers, Swarm Host 

Get SALT Encoding   

  12  0:27  Drone, Spawning Pool  
  12  0:34  Drone  
  13  0:44  Extractor  
  13  0:45  Drone  
  13  0:46  Drone  
  13  0:48  Overlord  
  14  1:08  Drone  
  15  1:15  Queen  
  15  1:16  Zergling x2  
  18  1:22  Zergling x2  
  19  1:32  Zergling x2  
  20  1:52  Hatchery  
  19  2:01  Drone x2  
  21  2:04  Overlord  
  21  2:13  Lair  
  21  2:18  Drone  
  22  2:27  Drone x2  
  24  2:35  Overlord  
  24  2:50  Drone x2  
  26  2:55  Extractor  
  25  3:02  Drone  
  25  3:03  Drone x2  
  27  3:26  Hydralisk Den  
  26  3:27  Drone x5  
  26  3:29  Roach Warren  
  30  3:47  Drone x3  
  33  3:49  Evolution Chamber  
  30  4:01  Lurker Den  
  30  4:08  Drone x2  
  30  4:09  Overlord  
  32  4:10  Roach x2  
  36  4:26  Roach x3  
  36  4:28  Hydralisk  
  36  4:29  Hydralisk  
  46  4:40  Overseer  
  46  4:43  Drone x2  
  46  4:45  Drone x3  
  51  5:03  Overlord x2  
  51  5:05  Extractor  
  51  5:06  Extractor  
  49  5:12  Glial Reconstitution  
  49  5:16  Overlord  
  49  5:17  Drone  
  49  5:18  Drone x2  
  46  5:40  Overlord  
  46  5:41  Drone x3  
  45  5:43  Lurker x2  
  47  5:53  Overseer  
  47  5:56  Overlord  
  47  5:57  Zergling x2  
  47  5:58  Zergling x6  
  51  6:08  Zergling x2  
  51  6:09  Zergling x2  
  53  6:20  Metabolic Boost  
  47  6:58  Queen  
  49  7:05  Spore Crawler  
  49  7:07  Spore Crawler, Drone  
  49  7:08  Drone x6  
  53  7:14  Spore Crawler  
  53  7:25  Zergling x10  
  58  7:30  Baneling Nest, Hydralisk x2  
  58  7:35  Ravager x3  
  58  7:36  Ravager x2  
  53  8:16  Overlord  
  53  8:17  Queen  
  53  8:19  Drone x6  
  62  8:20  Drone x6  
  62  8:27  Infestation Pit  
  66  8:52  Hatchery  
  65  8:59  Hatchery  
  62  9:21  Swarm Host x3  
  71  9:25  Zerg Missile Weapons Level 1  
  71  9:26  Swarm Host  
  74  9:45  Spire  
  73  9:55  Swarm Host  
  73  9:57  Overlord  
  79  10:12  Burrow  
  79  10:17  Drone  
  79  10:20  Swarm Host  
  83  10:39  Spore Crawler  
  82  10:46  Swarm Host x2  
  91  10:51  Overlord  
  91  10:57  Drone x2, Extractor  
  91  10:58  Drone  
  91  10:59  Extractor, Drone x2  
  91  11:01  Corruptor  
  96  11:07  Lurker x2  
  98  11:11  Pneumatized Carapace  
  98  11:25  Hive  
  98  11:26  Pathogen Glands  
  98  11:36  Drone  
  98  11:37  Drone x5  
  86  12:39  Corruptor x4  
  86  12:40  Corruptor x4  
  102  13:09  Mutalisk  
  104  13:13  Overlord  
  104  13:14  Overlord x5  
  104  13:37  Queen  
  106  13:50  Ultralisk Cavern  
  99  14:17  Baneling  
  99  14:18  Baneling x7  
  99  14:19  Baneling x9  
  99  14:29  Drone x3  
  99  14:30  Overlord x4  
  102  14:35  Overseer  
Show
View Real Time Build Order
Export as new Build Order

Kenallpal Terran - Winner!

Build Orders: Command Center First (CC), Hellion Banshee 

Get SALT Encoding   

  12  0:00  SCV  
  13  0:13  SCV  
  14  0:18  Supply Depot  
  14  0:25  SCV  
  15  0:39  SCV  
  16  0:56  Command Center  
  16  0:59  SCV  
  17  1:07  Refinery  
  17  1:18  Barracks  
  17  1:19  SCV  
  18  1:31  SCV  
  18  1:32  Refinery  
  19  1:43  SCV  
  20  1:55  SCV  
  20  2:06  Marine  
  21  2:13  Orbital Command  
  21  2:15  Factory  
  21  2:20  Orbital Command  
  21  2:26  Barracks Reactor  
  21  2:47  SCV x2  
  23  3:10  Starport  
  23  3:18  Hellion x2  
  27  3:25  SCV x2  
  29  3:29  Barracks Tech Lab  
  29  3:31  Orbital Command  
  29  3:34  Supply Depot  
  29  3:41  Hellion x2  
  33  3:47  Supply Depot  
  33  4:02  SCV x2  
  35  4:07  Hellion x2  
  35  4:09  Engineering Bay  
  39  4:14  SCV x2  
  41  4:26  Command Center  
  41  4:30  Banshee  
  44  4:40  Barracks Tech Lab  
  44  4:47  SCV  
  44  4:48  SCV  
  46  4:54  Starport  
  47  5:00  SCV x2  
  47  5:02  Hellion x2  
  47  5:03  Starport  
  52  5:10  Barracks Reactor  
  52  5:12  SCV x2  
  54  5:20  Supply Depot  
  54  5:21  Supply Depot  
  54  5:22  Engineering Bay  
  54  5:35  SCV x2  
  54  5:38  Banshee  
  55  5:50  Orbital Command  
  55  5:52  SCV x2  
  57  5:57  Armory  
  57  5:58  Armory  
  57  5:59  Refinery x2  
  57  6:01  Supply Depot  
  57  6:03  Missile Turret  
  57  6:06  Missile Turret  
  57  6:11  Siege Tank  
  57  6:14  SCV  
  57  6:15  SCV  
  57  6:17  Missile Turret  
  62  6:37  Liberator x2  
  63  7:05  Cloaking Field  
  63  7:18  Factory  
  63  7:23  Liberator  
  63  7:25  SCV x2  
  63  7:26  Terran Ship Weapons Level 1, Barracks Tech Lab, Terran Vehicle And Ship Armor Level 1  
  65  7:35  Missile Turret  
  68  8:14  Siege Tank, Hellion x2  
  75  8:42  Hellion x2  
  75  8:47  SCV x3  
  82  8:54  Orbital Command  
  82  8:55  Fusion Core  
  82  8:58  Armory  
  82  9:00  Siege Tank  
  82  9:01  Missile Turret  
  85  9:04  Missile Turret  
  85  9:07  Starport  
  85  9:22  SCV  
  85  9:23  SCV  
  85  9:24  SCV  
  88  9:28  Refinery  
  88  9:30  Terran Vehicle Weapons Level 1  
  88  9:31  Terran Ship Weapons Level 2  
  88  9:33  Refinery  
  88  9:34  SCV  
  88  9:37  Hellion x2  
  93  9:49  Command Center  
  93  9:50  Supply Depot  
  93  9:57  Missile Turret  
  93  10:10  Command Center  
  93  10:12  Siege Tank, SCV x3  
  99  10:16  Supply Depot  
  99  10:19  Engineering Bay  
  99  10:20  Liberator x2  
  99  10:22  Missile Turret  
  99  10:23  Supply Depot  
  99  10:42  Missile Turret  
  105  10:43  Supply Depot  
  105  10:44  Supply Depot  
  105  10:46  Advanced Ballistics  
  105  10:53  SCV x3  
  108  10:57  Hellion  
  108  10:58  Siege Tank, Hellion  
  108  11:02  Banshee  
  118  11:09  Orbital Command  
  118  11:11  Refinery  
  118  11:12  Refinery  
  118  11:18  SCV x3  
  120  11:22  Liberator x2  
  120  11:24  Factory  
  121  11:30  SCV  
  122  11:34  Infernal Pre-Igniter  
  128  11:42  Banshee  
  131  11:48  Banshee  
  131  11:50  Terran Vehicle Weapons Level 2, Terran Vehicle And Ship Armor Level 2  
  134  12:45  Hellion  
  134  12:46  Factory Tech Lab, Hellion  
  134  12:48  Siege Tank  
  141  12:58  Hyperflight Rotors  
  141  12:59  Starport Tech Lab  
  141  13:10  Starport  
  141  13:13  Missile Turret  
  141  13:14  Missile Turret x2  
  141  13:15  Command Center  
  141  13:16  Starport  
  141  13:23  Liberator, Command Center  
  141  13:24  Liberator  
  141  13:26  Supply Depot  
  141  13:27  Supply Depot, Liberator x2  
  141  13:29  SCV x4  
  142  13:38  Supply Depot  
  145  13:44  Orbital Command  
  150  14:24  Command Center  
  150  14:51  Starport Tech Lab  
Tags
 
Add a new tag
Caveats
  • Supply blocks, unpowered buildings, or Contaminate may cause inaccurate times.
  • Supply counts are checked every 10 seconds.